 Dungeon Crawl Stone Soup version 0.25-a0-566-g062765be81 (webtiles) character file.

Game seed: 1736093371306385039, levelgen mode: deterministic

287 vurker the Gusty (level 6, -1/52 HPs)
             Began as a Tengu Air Elementalist on Feb 28, 2020.
             Killed from afar by an orc wizard (6 damage)
             ... with a puff of flame
             ... on level 3 of the Dungeon.
             The game lasted 00:05:23 (3739 turns).

vurker the Gusty (Tengu Air Elementalist)           Turns: 3739, Time: 00:05:24

Health: -1/52      AC: 23    Str:  8    XL:     6   Next: 30%
Magic:  3/12       EV:  2    Int: 17    God:
Gold:   236        SH:  0    Dex: 15    Spells: 2/12 levels left

rFire    . . .     SeeInvis .   m - +1 dagger (drain)
rCold    . . .     Gourm    .   (no shield)
rNeg     + + +     Faith    .   (armour currently unavailable)
rPois    +         Spirit   .   (helmet currently unavailable)
rElec    .         Reflect  .   (cloak currently unavailable)
rCorr    .         Harm     .   (gloves currently unavailable)
MR       .....     NoTele   +   (boots unavailable)
Stlth    ++........             (no amulet)
HPRegen  0.17/turn              (no ring)
MPRegen  0.13/turn              (no ring)

@: mighty, lethally poisoned (-1 -> -9), tree-form, very slightly contaminated
A: able to fly
a: Fly


You were on level 3 of the Dungeon.
You were hungry.
You were a tree.
You visited 1 branch of the dungeon, and saw 3 of its levels.

You collected 236 gold pieces.

Inventory:

Hand Weapons
 m - a +1 dagger of draining (weapon)
   (You found it on level 2 of the Dungeon)
Armour
 a - a +0 robe (melded)
 d - a +0 pair of gloves (melded)
   (You found it on level 1 of the Dungeon)
Wands
 c - a wand of polymorph (3)
   (You took it off Ijyb on level 2 of the Dungeon)
Scrolls
 b - 2 scrolls of immolation {unknown}
 f - 9 scrolls of identify {unknown}
 i - a scroll of enchant weapon {unknown}
 j - 5 scrolls of remove curse {unknown}
 k - a scroll of enchant armour {unknown}
 l - a scroll of teleportation {unknown}
Potions
 h - a potion of might
Comestibles
 e - 5 rations
 n - 2 chunks of flesh


   Skills:
 + Level 2.1 Fighting
 - Level 2.1 Dodging
 - Level 2.0 Stealth
 * Level 3.8 Spellcasting
 + Level 3.4 Conjurations
 * Level 6.0 Air Magic


You had 2 spell levels left.
You knew the following spells:

 Your Spells              Type           Power        Failure   Level  Hunger
a - Shock                 Conj/Air       ###.         2%          1    None
b - Lightning Bolt        Conj/Air       ###.......   54%         5    ######.
c - Airstrike             Air            ###.......   13%         4    ####...

Your spell library contained the following spells:

 Spells                   Type           Power        Failure   Level  Hunger
 Swiftness                Chrm/Air       ##......     7%          2    ##.....
 Static Discharge         Conj/Air       ###.....     7%          3    ###....


Dungeon Overview and Level Annotations

Branches:
Dungeon (3/15)

Altars:
Cheibriados
The Shining One


Innate Abilities, Weirdness & Mutations

((You have a beak for a mouth.))
((You have claws for feet.))
You can fly continuously.


Message History

You are poisoned.
You hit the orc.
You feel sick.
The orc wizard hits you but does no damage.
The orc hits you but does no damage. Something hits you but does no damage.
You are lethally poisoned!
The orc wizard hits you but does no damage.
You barely miss the orc.
* * * LOW HITPOINT WARNING * * *
You feel sick. The orc hits you but does no damage.
The orc wizard hits you but does no damage.
Something hits you but does no damage.
You puncture the orc!
You kill the orc!
* * * LOW HITPOINT WARNING * * *
You feel sick.
The orc wizard hits you but does no damage.
Something hits you but does no damage. The orc wizard completely misses you.
You hit something.
* * * LOW HITPOINT WARNING * * *
You feel sick.
The orc wizard hits you but does no damage.
Something hits you but does no damage.
You closely miss something.
* * * LOW HITPOINT WARNING * * *
You feel sick.
The orc wizard hits you but does no damage.
Something hits you but does no damage.
The orc wizard looks satisfied for a moment.
You puncture the orc wizard! You drain the orc wizard.
* * * LOW HITPOINT WARNING * * *
You feel sick.
The orc wizard hits you but does no damage.
You hear some strange, mumbled words.
A puff of flame appears from out of thin air!
The puff of flame hits you but does no damage.
You hit the orc wizard.
You kill the orc wizard!
Your Air Magic skill increases to level 6!
* * * LOW HITPOINT WARNING * * *
You feel sick. Something hits you but does no damage.
You barely miss something.
* * * LOW HITPOINT WARNING * * *
You feel sick.
You hear some strange, mumbled words.
A puff of flame appears from out of thin air!
The puff of flame hits you.
You die...

..........)..##...##.###.....####
......#########..##......o...##
.......# #######..............#
.......##...........###.......#
.......#.... #...##.###.......###
........>.####...#...).....).....
............##...#...............
.........##.#....#.......#.......
................♣).......#.......
)...............){.......#....(..
.<.÷.<......................)....
#..............##................
#.#######..##..###.......##......
#.#### #...##....................
.....# #..###.######.#.#......<>.
...#.###..###.######.....#.......
................[................


There were no monsters in sight!

Vanquished Creatures
  A howler monkey (D:2)
  2 orc wizards (D:3)
  Ijyb (D:2)
  4 gnolls (D:2)
  6 adders
  A dart slug (D:3)
  3 leopard geckos (D:2)
  2 orcs (D:3)
  A ball python (D:2)
  4 bats
  3 giant cockroaches
  11 goblins
  9 hobgoblins
  6 kobolds
  A quokka (D:3)
  8 frilled lizards
  7 rats
70 creatures vanquished.

Notes
Turn   | Place    | Note
-------+----------+-------------------------------------------
     0 | D:1      | vurker the Tengu Air Elementalist began the quest for the
                  | Orb.
     0 | D:1      | Reached XP level 1. HP: 10/10 MP: 4/4
   458 | D:1      | Reached XP level 2. HP: 15/15 MP: 4/6
   982 | D:1      | Reached XP level 3. HP: 20/20 MP: 5/7
  1619 | D:2      | Reached skill level 1 in Fighting
  1717 | D:2      | Reached XP level 4. HP: 25/25 MP: 3/9
  2075 | D:2      | Found a glowing golden altar of the Shining One.
  2207 | D:2      | Reached skill level 5 in Air Magic
  2352 | D:2      | Gained mutation: You can fly continuously. [Tengu growth]
  2352 | D:2      | Reached XP level 5. HP: 29/29 MP: 7/10
  2840 | D:3      | Noticed Ijyb
  2880 | D:2      | Learned a level 5 spell: Lightning Bolt
  2885 | D:2      | Learned a level 4 spell: Airstrike
  3108 | D:2      | Killed Ijyb
  3564 | D:3      | Found a faded altar of an unknown god.
  3572 | D:3      | Reached XP level 6. HP: 35/35 MP: 9/12
  3655 | D:3      | Found a snail-covered altar of Cheibriados.
  3738 | D:3      | Reached skill level 6 in Air Magic
  3739 | D:3      | Killed from afar by an orc wizard

Levels and vault maps discovered:
D:1:      lemuel_arrival_tunnels, layout_basic
D:2:      cheibrodos_old_hovel, layout_basic, nicolae_tso_swordbearing_angel,
          first_ration, serial_park_tiny_2
D:3:      layout_rooms, kennysheep_slug_shrine,
          chequers_ecumenical_altar_simple_redux, uniq_ijyb

Skill      XL: |  1  2  3  4  5  6 |
---------------+-------------------+-----
Conjurations   | 2 3 |  3.4
Fighting       | 1 2 |  2.1
Spellcasting   | 3 |  3.8
Air Magic      | 5 6 |  6.0
Dodging        | |  2.1
Stealth        | |  2.0

Action                   |  1- 3 |  4- 6 || total
-------------------------+-------+-------++-------
Melee: Unarmed           |     4 |     2 ||     6
       Dagger            |       |    16 ||    16
       Kick              |       |     2 ||     2
       Peck              |       |     1 ||     1
 Cast: Shock             |    66 |    92 ||   158
       Airstrike         |       |     4 ||     4
  Use: Potion            |       |     2 ||     2
  Eat: Chunk             |     3 |     3 ||     6
       Ration            |       |     1 ||     1
Armor: Robe              |     3 |     5 ||     8
       Skin              |       |    20 ||    20
Dodge: Dodged            |     7 |    12 ||    19

Table legend:
 A = Non-vault XP
 B = Vault XP
 C = Vault XP percentage of total XP
 D = Non-vault monster count
 E = Vault monster count
 F = Vault count percentage of total count
                 A         B        C        D         E       F
            +---------+---------+-------+---------+---------+-------
      Total |     365 |      45 |  11.0 |      67 |       3 |   4.3
            +---------+---------+-------+---------+---------+-------
        D:1 |      34 |       0 |   0.0 |      21 |       0 |   0.0
        D:2 |     189 |      41 |  17.8 |      32 |       2 |   5.9
        D:3 |     142 |       4 |   2.7 |      14 |       1 |   6.7
            +---------+---------+-------+---------+---------+-------
